 Dungeon Crawl Stone Soup version 0.20-a0-1116-gaa52201 (webtiles) character file.

17189 Lochraine the Zephyrmancer (level 12, -10/73 HPs)
             Began as a Tengu Air Elementalist on May 7, 2017.
             Was a High Priest of Vehumet.
             Killed from afar by a catoblepas (11 damage)
             ... with a blast of calcifying dust
             ... on level 2 of the Lair of Beasts.
             The game lasted 01:01:16 (16670 turns).

Lochraine the Zephyrmancer (TeAE)                  Turns: 16670, Time: 01:01:17

Health: -10/73     AC:  8    Str: 11    XL:     12   Next: 45%
Magic:  17/25      EV: 15    Int: 19    God:    Vehumet [*****.]
Gold:   430        SH:  7    Dex: 14    Spells: 2/28 levels left

rFire    + . .     SeeInvis .   b - +4 dagger (elec)
rCold    + . .     Gourm    .   e - +2 buckler
rNeg     + . .     Faith    .   M - +1 ring mail {rC+}
rPois    .         Spirit   .   (helmet restricted)
rElec    .         Reflect  .   L - scarf {repulsion}
rCorr    .         Harm     .   x - +0 pair of gloves (curse)
MR       .....                  (boots unavailable)
Stlth    +.........             F - amulet of regeneration
Regen    0.7/turn               y - ring of positive energy
MPRegen  0.2/turn               h - ring of protection from fire

@: hasted, repel missiles, very quick
A: beak, talons 3, able to fly 1
a: Fly, Renounce Religion


You were on level 2 of the Lair of Beasts.
You worshipped Vehumet.
Vehumet was extremely pleased with you.
You were hungry.

You visited 2 branches of the dungeon, and saw 13 of its levels.

You collected 674 gold pieces.
You spent 244 gold pieces at shops.

Inventory:

Hand Weapons
 b - a +4 dagger of electrocution (weapon)
 N - the +7 war axe of Disintegration {venom, +Blink Dex+5}
   (You found it on level 1 of the Lair of Beasts)

   It poisons the flesh of those it strikes.
   It affects your dexterity (+5).
   It lets you blink.
Missiles
 d - 321 stones (quivered)
Armour
 e - a +2 buckler (worn)
 u - a +3 leather armour
 x - a cursed +0 pair of gloves (worn)
 L - a scarf of repulsion (worn)
 M - a +1 ring mail of cold resistance (worn)
Magical Staves
 a - an uncursed staff of power
Jewellery
 h - a ring of protection from fire (right hand)
 p - a +6 amulet of reflection
 y - a ring of positive energy (left hand)
 F - an amulet of regeneration (around neck)
 S - an uncursed ring of positive energy
Wands
 B - a wand of confusion (16/48)
Scrolls
 k - a scroll of fog
 q - 3 scrolls of identify
 r - a scroll of immolation
 t - 2 scrolls of teleportation
 C - 2 scrolls of recharging
 D - a scroll of enchant armour
 G - 3 scrolls of remove curse
 J - a scroll of fear
Potions
 f - 8 potions of curing
 g - 4 potions of haste
 n - a potion of magic
 v - 3 potions of flight
 z - a potion of ambrosia
 E - 2 potions of brilliance
 K - 2 potions of agility
 P - a potion of invisibility {unknown}
Books
 i - a book of Clouds

   Spells                             Type                      Level
   a - Poisonous Vapours              Poison/Air                   2
   b - Mephitic Cloud                 Conjuration/Poison/Air       3
   c - Conjure Flame                  Conjuration/Fire             3
   d - Freezing Cloud                 Conjuration/Ice/Air          6
   e - Ring of Flames                 Charms/Fire                  7
 j - a book of Geomancy

   Spells                             Type                      Level
   a - Sandblast                      Earth                        1
   b - Passwall                       Transmutation/Earth          2
   c - Stone Arrow                    Conjuration/Earth            3
   d - Petrify                        Transmutation/Earth          4
   e - Lee's Rapid Deconstruction     Earth                        5
 o - a book of Cantrips

   Spells                             Type                      Level
   a - Confusing Touch                Hexes                        1
   b - Animate Skeleton               Necromancy                   1
   c - Summon Small Mammal            Summoning                    1
   d - Apportation                    Translocation                1
 w - a book of Air

   Spells                             Type                      Level
   a - Shock                          Conjuration/Air              1
   b - Swiftness                      Charms/Air                   2
   c - Static Discharge               Conjuration/Air              3
   d - Airstrike                      Air                          4
   e - Lightning Bolt                 Conjuration/Air              5
 A - Sif Muna's Disquisition on Creation
   (You found it on level 8 of the Dungeon)

   Spells                             Type                      Level
   a - Summon Small Mammal            Summoning                    1
 I - a book of Frost

   Spells                             Type                      Level
   a - Freeze                         Ice                          1
   b - Throw Frost                    Conjuration/Ice              2
   c - Ozocubu's Armour               Charms/Ice                   3
   d - Throw Icicle                   Conjuration/Ice              4
   e - Summon Ice Beast               Ice/Summoning                4
 R - a book of Maledictions

   Spells                             Type                      Level
   a - Corona                         Hexes                        1
   b - Ensorcelled Hibernation        Hexes/Ice                    2
   c - Confuse                        Hexes                        3
   d - Tukima's Dance                 Hexes                        3
   e - Dazzling Spray                 Conjuration/Hexes            3
Miscellaneous
 O - a fan of gales
Comestibles
 c - 4 bread rations
 l - 5 meat rations
 m - 5 royal jellies
 s - 4 fruits


   Skills:
 - Level 8.0 Fighting
 + Level 5.2 Short Blades
 - Level 4.7 Armour
 - Level 8.9 Dodging
 - Level 2.0 Stealth
 - Level 4.0 Shields
 + Level 8.6 Spellcasting
 + Level 10.7 Conjurations
 + Level 0.3 Hexes
 + Level 0.8 Ice Magic
 + Level 11.2 Air Magic


You had 2 spell levels left.
You knew the following spells:

 Your Spells              Type           Power        Failure   Level  Hunger
a - Shock                 Conj/Air       ####         1%          1    None
b - Magic Dart            Conj           ####         1%          1    None
c - Static Discharge      Conj/Air       #####...     1%          3    None
d - Airstrike             Air            ######....   1%          4    ###....
e - Swiftness             Chrm/Air       ####....     2%          2    None
f - Lightning Bolt        Conj/Air       #####.....   1%          5    #####..
g - Apportation           Tloc           #.....       19%         1    None
h - Mephitic Cloud        Conj/Pois/Air  #####...     1%          3    None
i - Conjure Flame         Conj/Fire      ####....     1%          3    None
j - Ensorcelled Hibernat  Hex/Ice        ##....       22%         2    None
z - Animate Skeleton      Necr           N/A          19%         1    None


Dungeon Overview and Level Annotations

Branches:
Dungeon (10/15)            Temple (0/1) D:5            Lair (3/6) D:10
  Snake (0/4) Lair:2          Orc (0/2) D:9
  Swamp: Lair:2-4    Shoals: Lair:2-4

Altars:
Fedhas
Hepliaklqana
Makhleb
Nemelex Xobeh
Okawaru
Qazlal
Sif Muna
Vehumet
Xom
Yredelemnul
Zin

Shops:
D:8 !   D:9 ?

Annotations:
D:7 salapander's ghost, novice HOBe
Lair:3 Snorg


Innate Abilities, Weirdness & Mutations

You have a beak for a mouth.
You have claws for feet.
You can fly.


Message History

Press: ? - help, Shift-Dir - straight line, f/p - catoblepas
Aim: a catoblepas (heavily wounded, chance to defeat MR: 1%)
Okay, then.
Unknown command.
You feel yourself speed up. The catoblepas gores you!!
* * * LOW HITPOINT WARNING * * *
Casting: Lightning Bolt
Confirm with . or Enter, or press ? or * to list all spells.
Aiming: Lightning Bolt
Press: ? - help, Shift-Dir - straight line, f/p - catoblepas
Aim: a catoblepas (heavily wounded)
You hear a mighty clap of thunder!
The bolt of lightning hits the catoblepas.
The catoblepas is severely wounded.
The catoblepas breathes a plume of calcifying dust at you.
The blast of calcifying dust hits you!
* * * LOW HITPOINT WARNING * * *
The catoblepas breathes a plume of calcifying dust at you.
The blast of calcifying dust hits you!
You die...

###P..####.####........##
###....##..###.......P#.#
........#.###P........###
..........)###.........#######
........................##P..#
.............................#
............................##
..............§§§§§§Y..>.#.##
................@§§......###
...........(......#.......###
..........#......#..........#
..........#......##........###
.....#####.......###......#..#
.....# #.#................####
.....###................#P#
...........#.#.#.#.#.#.####
.......................#


There were no monsters in sight!

Vanquished Creatures
  2 two-headed ogres (D:8)
  The ghost of Apogee the Slinger, a novice HaHu (D:6)
  Pikel (D:9)
  A manticore (D:9)
  A black mamba (Lair:2)
  Joseph (D:9)
  2 spiny frogs (Lair:1)
  3 centaur skeletons
  The ghost of Xoff the Chiller, a novice OpIE (D:5)
  2 komodo dragons (Lair:2)
  A hippogriff (Lair:1)
  Sigmund (D:3)
  16 yaks
  A wyvern (Lair:2)
  A hungry ghost (D:8)
  A basilisk (Lair:1)
  Grum (D:9)
  2 nagas (Lair:2)
  4 water moccasins
  3 porcupines (Lair:2)
  5 orc warriors
  3 ice beasts
  4 sky beasts
  A necrophage (D:4)
  2 black bears (D:8)
  2 phantoms
  6 wolves
  4 ogres
  5 centaurs
  2 crocodiles
  15 bullfrogs
  3 scorpions
  17 killer bees
  5 electric eels (D:9)
  5 howler monkeys
  4 crimson imps
  A quasit (D:7)
  8 hounds
  9 orc priests
  2 jellies
  2 bullfrog skeletons
  4 iguanas
  12 worker ants
  20 orc wizards
  3 hound skeletons
  2 hound zombies
  A howler monkey skeleton (D:7)
  7 gnolls
  16 adders
  3 shadow imps
  4 oozes
  2 adder zombies
  An adder skeleton (D:4)
  5 worms
  5 dart slugs
  12 leopard geckos
  57 orcs
  9 bats
  7 giant cockroaches
  6 goblins
  10 hobgoblins
  16 jackals
  9 kobolds
  2 quokkas
  5 frilled lizards
  A quokka skeleton (D:4)
  11 rats
  A fungus (D:10)
382 creatures vanquished.

Vanquished Creatures (collateral kills)
  A spiny frog (Lair:2)
  A yak (Lair:2)
  2 water moccasins (Lair:2)
  An orc warrior (D:10)
  An ice beast (D:9)
  A killer bee (D:9)
  A worker ant (D:10)
  An orc (D:8)
9 creatures vanquished.

Vanquished Creatures (others)
  3 slaves (D:9)
  3 orc wizards
  A hound zombie (D:9)
  A leopard gecko (D:9)
  5 orcs
13 creatures vanquished.

Grand Total: 404 creatures vanquished

Notes
Turn   | Place    | Note
-------+----------+-------------------------------------------
     0 | D:1      | Lochraine the Tengu Air Elementalist began the quest for the Orb.
     0 | D:1      | Reached XP level 1. HP: 10/10 MP: 4/4
   201 | D:1      | Reached XP level 2. HP: 9/15 MP: 1/6
   324 | D:1      | Learned a level 2 spell: Swiftness
   729 | D:1      | Reached skill level 1 in Shields
   736 | D:1      | Reached XP level 3. HP: 16/19 MP: 1/7
  1637 | D:2      | Found a glowing silver altar of Zin.
  1690 | D:2      | Reached XP level 4. HP: 24/24 MP: 5/8
  1913 | D:2      | Found a stormy altar of Qazlal.
  2216 | D:2      | Learned a level 3 spell: Static Discharge
  2991 | D:3      | Gained mutation: You can fly. [Tengu growth]
  2991 | D:3      | Reached XP level 5. HP: 28/28 MP: 4/9
  2996 | D:3      | Noticed Sigmund
  3103 | D:2      | Reached skill level 5 in Air Magic
  3400 | D:3      | Killed Sigmund
  3400 | D:3      | Reached XP level 6. HP: 26/32 MP: 4/11
  3689 | D:3      | Found a radiant altar of Vehumet.
  3787 | D:3      | Found a basalt altar of Yredelemnul.
  3789 | D:3      | Became a worshipper of Vehumet
  3798 | D:3      | Reached XP level 7. HP: 24/36 MP: 3/12
  3868 | D:3      | Learned a level 4 spell: Airstrike
  4073 | D:3      | Found a shimmering altar of Xom.
  4371 | D:4      | Reached skill level 1 in Fighting
  4656 | D:4      | Reached * piety under Vehumet
  4656 | D:4      | Offered knowledge of Magic Dart by Vehumet.
  4706 | D:4      | Learned a level 1 spell: Magic Dart
  4745 | D:4      | Reached skill level 6 in Air Magic
  4860 | D:4      | Reached skill level 5 in Conjurations
  5100 | D:4      | Reached XP level 8. HP: 32/43 MP: 1/14
  6225 | D:5      | Entered Level 5 of the Dungeon
  6265 | D:5      | Reached skill level 7 in Air Magic
  6379 | D:5      | Offered knowledge of Searing Ray by Vehumet.
  6535 | D:5      | Learned a level 1 spell: Animate Skeleton
  6537 | D:5      | Learned a level 1 spell: Apportation
  6664 | D:5      | Found a hazy altar of Hepliaklqana.
  6772 | D:5      | Noticed Xoff's ghost (novice OpIE)
  6795 | D:5      | Killed Xoff's ghost
  6795 | D:5      | Reached ** piety under Vehumet
  6795 | D:5      | Reached XP level 9. HP: 12/51 MP: 1/17
  7100 | D:5      | Reached skill level 5 in Dodging
  7100 | D:5      | Reached skill level 5 in Spellcasting
  7211 | D:5      | Found a sparkling altar of Nemelex Xobeh.
  7572 | D:5      | Found a staircase to the Ecumenical Temple.
  8054 | D:6      | Noticed Apogee's ghost (novice HaHu)
  8091 | D:6      | Reached skill level 8 in Air Magic
  8094 | D:6      | Found an iron altar of Okawaru.
  8233 | D:6      | Found a blossoming altar of Fedhas.
  8438 | D:6      | Killed Apogee's ghost
  8750 | D:6      | Reached skill level 5 in Fighting
  8968 | D:6      | Offered knowledge of Mephitic Cloud by Vehumet.
  8977 | D:6      | Learned a level 3 spell: Mephitic Cloud
  9068 | D:7      | Found a burning altar of Makhleb.
  9237 | D:7      | Reached XP level 10. HP: 47/58 MP: 9/20
  9467 | D:7      | Reached *** piety under Vehumet
  9717 | D:7      | Reached skill level 9 in Air Magic
  9726 | D:7      | Noticed salapander's ghost (novice HOBe)
 10362 | D:8      | Noticed a two-headed ogre
 10368 | D:8      | Noticed a two-headed ogre
 10520 | D:8      | Offered knowledge of Throw Icicle by Vehumet.
 10578 | D:8      | Killed a two-headed ogre
 10736 | D:8      | Learned a level 5 spell: Lightning Bolt
 10808 | D:8      | Killed a two-headed ogre
 10833 | D:8      | Reached skill level 10 in Air Magic
 10981 | D:8      | Found Veipuas's Distillery.
 10987 | D:8      | Bought a potion of heal wounds for 55 gold pieces
 10987 | D:8      | Bought a potion of heal wounds for 55 gold pieces
 10987 | D:8      | Bought a potion of brilliance for 44 gold pieces
 10995 | D:8      | Found a deep blue altar of Sif Muna.
 11075 | D:8      | Reached **** piety under Vehumet
 11642 | D:8      | Offered knowledge of Yara's Violent Unravelling by Vehumet.
 11649 | D:8      | Reached XP level 11. HP: 60/65 MP: 8/22
 11814 | D:9      | Noticed Joseph
 11815 | D:9      | Reached skill level 10 in Conjurations
 12137 | D:8      | Identified Sif Muna's Disquisition on Creation
 12151 | D:9      | Noticed Pikel
 12167 | D:9      | Killed Pikel
 12398 | D:9      | Killed Joseph
 12700 | D:9      | Noticed Grum
 12700 | D:9      | Reached skill level 1 in Short Blades
 12728 | D:9      | Killed Grum
 12816 | D:9      | Noticed a manticore
 12824 | D:9      | Killed a manticore
 12824 | D:9      | Reached skill level 1 in Armour
 13225 | D:9      | Found Qeimead's Magic Scroll Shoppe.
 13429 | D:9      | Reached ***** piety under Vehumet
 13460 | D:9      | Found a staircase to the Orcish Mines.
 13514 | D:10     | Entered Level 10 of the Dungeon
 13549 | D:9      | Offered knowledge of Force Lance by Vehumet.
 13799 | D:9      | Bought a scroll of enchant weapon for 90 gold pieces
 14084 | D:10     | Found a staircase to the Lair.
 14636 | D:10     | Reached XP level 12. HP: 73/73 MP: 25/25
 14675 | Lair:1   | Entered Level 1 of the Lair of Beasts
 14823 | Lair:1   | Got a brightly glowing war axe
 14825 | Lair:1   | Identified the +7 war axe of Disintegration {venom, +Blink Dex+5} (You found it on level 1 of the Lair of Beasts)
 15134 | Lair:1   | Learned a level 3 spell: Conjure Flame
 15727 | Lair:2   | Found a staircase to the Snake Pit.
 15750 | Lair:2   | Reached skill level 11 in Air Magic
 16017 | Lair:2   | Reached skill level 5 in Short Blades
 16155 | Lair:2   | Learned a level 2 spell: Ensorcelled Hibernation
 16622 | Lair:3   | Noticed Snorg
 16654 | Lair:3   | Noticed a catoblepas
 16669 | Lair:2   | HP: 1/73 [something/blast of calcifying dust (6)]
 16670 | Lair:2   | Killed from afar by a catoblepas

Vault maps used:
D:1:      dpeg_arrival_rhombi, serial_park_tiny_2
D:2:      grunt_qazlal_clouds, lemuel_crystal_altar, first_bread,
          grunt_ministairs_14
D:3:      grunt_temple_overflow_open, tgw_xom, uniq_sigmund
D:4:      minmay_misc_feat_cross, minmay_divided_ellipse
D:5:      kennysheep_little_box, nemelex_altar_shiori,
          minmay_temple_entry_butterflies, kennysheep_generic_room_16
D:6:      cheibrodos_quashed, marbit_many_paths, grunt_ministairs_6,
          minmay_splitting_lines, lemuel_altar_in_water2
D:7:      makhleb_heckhound_becter
D:8:      cheibrodos_iron_armory, led_sif_book, serial_shops,
          nicolae_shop_statue_plus
D:9:      hiddenorc1_lemuel, serial_shops,
          nicolae_shop_competitors_out_of_business, uniq_joseph, uniq_pikel,
          uniq_grum
D:10:     grunt_lair_entry_orc_guard_hut
Lair:1:   lemuel_fruit_fields
Lair:2:   guppyfry_snake_entry_garden, st_stairs_10
Lair:3:   minmay_shoals_entry_hut, lemuel_fruit_fields, uniq_snorg

Skill      XL: |  1  2  3  4  5  6  7  8  9 10 11 12 |
---------------+-------------------------------------+-----
Conjurations   | 2 3 4 5 6 8 9 10 | 10.7
Shields        | 1 2 3 4 |  4.0
Air Magic      | 5 6 7 8 10 11 | 11.2
Spellcasting   | 3 4 6 7 8 |  8.6
Fighting       | 2 3 5 6 7 8 |  8.0
Dodging        | 3 4 6 7 8 |  8.9
Short Blades   | 3 5 |  5.2
Armour         | 4 |  4.7
Stealth        | |  2.0
Hexes          | |  0.3
Ice Magic      | |  0.8

Action                   |  1- 3 |  4- 6 |  7- 9 | 10-12 || total
-------------------------+-------+-------+-------+-------++-------
Melee: Dagger            |    71 |   109 |   138 |   382 ||   700
       Kick              |    14 |    21 |    53 |   110 ||   198
       Peck              |     4 |    16 |    33 |    73 ||   126
       Mace              |       |       |   108 |       ||   108
       Staff             |       |       |       |    44 ||    44
 Cast: Shock             |    37 |    90 |    58 |     6 ||   191
       Static Discharge  |       |     2 |    39 |    66 ||   107
       Magic Dart        |       |       |   148 |   253 ||   401
       Airstrike         |       |       |     7 |    24 ||    31
       Mephitic Cloud    |       |       |     3 |    16 ||    19
       Lightning Bolt    |       |       |       |    29 ||    29
       Animate Skeleton  |       |       |       |    22 ||    22
       Swiftness         |       |       |       |     1 ||     1
 Abil: Fly               |       |     2 |       |     2 ||     4
Evoke: Wand              |       |       |     1 |     3 ||     4
  Use: Scroll            |     4 |     2 |     8 |    13 ||    27
       Potion            |       |       |     1 |     6 ||     7
 Stab: Sleeping          |     1 |     1 |     5 |     1 ||     8
       Distracted        |       |     1 |       |       ||     1
  Eat: Chunk             |     3 |     8 |    20 |    28 ||    59
       Fruit             |       |       |       |     3 ||     3
       Bread ration      |       |       |       |     2 ||     2
Armor: Leather armour    |    19 |    38 |    49 |    27 ||   133
       Ring mail         |       |       |     1 |    72 ||    73
Dodge: Dodged            |    66 |    88 |   109 |   258 ||   521
Block: Buckler           |       |    20 |   177 |   253 ||   450
       Reflection        |       |       |     4 |    10 ||    14
